 Dungeon Crawl Stone Soup version 0.30.0-29-ga12c61a403 (webtiles) character file.

Game seed: 1525161973001386426

520 Fecro the Covert (level 7, -2/35 HPs)
             Began as a Spriggan Brigand on June 25, 2023.
             Was an Initiate of Makhleb.
             Slain by an iguana (13 damage)
             ... on level 4 of the Dungeon.
             The game lasted 00:15:34 (4326 turns).

Fecro the Covert (Spriggan Brigand)                 Turns: 4326, Time: 00:15:34

Health: -2/35      AC:  3    Str:  7    XL:     7   Next: 1%
Magic:  8/8        EV: 18    Int: 12    God:    Makhleb [......]
Gold:   270        SH:  0    Dex: 19    Spells: 6/6 levels left

rFire   . . .        a - +2 dagger
rCold   . . .        (no shield)
rNeg    . . .        b - +0 robe
rPois   .            (helmet restricted)
rElec   .            c - +0 cloak
rCorr   .            (gloves unavailable)
SInv    +            (boots unavailable)
Will    +....        (no amulet)
Stlth   ++++         (no ring)
HPRegen 0.25/turn    (no ring)
MPRegen 0.11/turn

%: no passive effects
@: very quick
A: very small, no large weapons, unfitting armour, see invisible, speed 3
a: Renounce Religion


You were on level 4 of the Dungeon.
You worshipped Makhleb.
Makhleb was noncommittal.
You visited 1 branch of the dungeon, and saw 5 of its levels.
You also visited: Ossuary.

You collected 270 gold pieces.

Inventory:

Hand Weapons
 a - a +2 dagger (weapon)
Missiles
 d - 9 poisoned darts (quivered)
 e - 3 curare-tipped darts
 g - 48 stones
Armour
 b - a +0 robe (worn)
 c - a +0 cloak (worn)
Jewellery
 o - an amulet of faith
Wands
 u - a wand of flame (17)
 v - a wand of quicksilver (13)
Scrolls
 f - 2 scrolls of teleportation {unknown}
 i - 3 scrolls of blinking {unknown}
 k - 3 scrolls of identify {unknown}
 l - a scroll of brand weapon {unknown}
 p - a scroll of fear {unknown}
 r - 3 scrolls of magic mapping {unknown}
 y - 2 scrolls of noise
 z - a scroll of enchant armour {unknown}
 B - a scroll of immolation
 C - 2 scrolls of fog {unknown}
 D - a scroll of amnesia {unknown}
Potions
 h - 3 potions of resistance {unknown}
 j - a potion of berserk rage {unknown}
 m - 4 potions of curing {unknown}
 n - 2 potions of invisibility {unknown}
 q - 3 potions of lignification {unknown}
 s - 3 potions of heal wounds {unknown}
 t - a potion of brilliance {unknown}
 w - 5 potions of degeneration
 x - a potion of flight {unknown}
 A - a potion of haste {unknown}


   Skills:
 + Level 2.3 Fighting
 + Level 4.3 Short Blades
 * Level 3.5 Throwing
 + Level 3.3 Dodging
 * Level 9.5 Stealth
 + Level 0.1 Evocations


You had 6 spell levels left.
You didn't know any spells.
Your spell library contained the following spells:

 Spells                   Type           Power      Damage    Failure   Level
 Summon Small Mammal      Summ           0%         N/A       32%         1
 Ensorcelled Hibernation  Hex/Ice        0%         N/A       45%         2
 Passwall                 Tmut/Erth      0%         N/A       45%         2
 Call Canine Familiar     Summ           0%         N/A       69%         3
 Summon Guardian Golem    Hex/Summ       0%         N/A       69%         3
 Swiftness                Air            0%         N/A       69%         3


Dungeon Overview and Level Annotations

Branches:
Dungeon (5/15)            Ossuary (visited)
 Temple: D:4-7

Altars:
Dithmenos
Makhleb
Okawaru
Trog
Vehumet
Yredelemnul

Shops:
D:1 [   D:3 :

Annotations:
D:4 1 runed translucent door, DemonSlayer's ghost, amateur DsEE


Innate Abilities, Weirdness & Mutations

You are very small and have problems with some larger weapons.
You are too small for most types of armour.
You have supernaturally acute eyesight. (SInv)
You cover ground extremely quickly. (Speed+++)


Message History

You hit the iguana.
The iguana is lightly wounded.
The iguana bites you!
You are too injured to fight recklessly!
There is a stone staircase leading up here.
The iguana completely misses you.
You climb upwards.
Level annotation: 1 runed translucent door, DemonSlayer's ghost, amateur DsEE
There is a stone staircase leading down here.
You are too injured to fight recklessly!
An iguana is nearby!
You are too injured to fight recklessly!
You don't have any such object.
Fire/throw/use which item? ([*] to toss any item) (? for menu, Esc to quit)
That's the wrong kind of item! (Use * to select it.) Fire/throw/use which item? ([*] to toss any item) (? for menu, Esc to quit)
Okay, then.
Unknown command.
Unknown command.
Throw: 9 darts (poison)
Press: ? - help, Q - select action, (/) - cycle Shift-Dir - straight line, f - iguana
Aim: an iguana (lightly wounded, 66% to hit)
You throw a poisoned dart. The poisoned dart hits the iguana.
The iguana is poisoned.
The iguana is lightly wounded.
An iguana is nearby!
Throw: 8 darts (poison)
Press: ? - help, Q - select action, (/) - cycle Shift-Dir - straight line, f/p - iguana
Aim: an iguana (moderately wounded, poisoned, 66% to hit)
You throw a poisoned dart. The poisoned dart hits the iguana!
The iguana looks even sicker.
The iguana is moderately wounded.
d - 8 poisoned darts (gained 1)
There are no items here.
The iguana bites you!
* * * LOW HITPOINT WARNING * * *
You see here a poisoned dart.
d - 9 poisoned darts (gained 1)
The iguana bites you!
You die...

###...#.#.......# #.#
P8#.#...############.############
.~#.#.#..........................
###.#.#..###......##.##########.#
≈5#.#.#..# #...........l.....##.#
≈.#.#.##.###.........######.###.#
≈?#.#..............### #.# #.#
≈.#.####.###.....l.########.# #.#
≈.#.# #.###....@...........# #.#
≈.#.# #..##......########..# #.#
≈.#.# ##................#'####.#
###.# ##.#.......####.###...#.#
.P#.# #>#####.#.# #...#._.#.#
P8#.# #.# #.#.# #####...#.# ###.#
#.# #.#.# #≈≈≈#.# ....# #.# #.#.#
#...#.# ##### #.# #.#.# #._.#.#


You could see an iguana.

Vanquished Creatures
  An ogre (D:4)
  An elf zombie (D:4)
  2 elf skeletons (D:4)
  2 hounds
  A human skeleton (D:4)
  5 adders
  4 gnolls (D:4)
  2 worms (D:2)
  2 dart slugs
  7 endoplasms
  4 giant cockroaches
  5 goblins
  12 hobgoblins
  3 jackals (D:3)
  A quokka (D:2)
  8 ball pythons
  5 bats
  3 frilled lizards
  6 kobolds
  An orc skeleton (D:4)
  5 rats
80 creatures vanquished.

Notes
Turn   | Place    | Note
-------+----------+-------------------------------------------
     0 | D:1      | Fecro the Spriggan Brigand began the quest for the Orb.
     0 | D:1      | Reached XP level 1. HP: 10/10 MP: 2/2
    11 | D:1      | Reached skill level 6 in Stealth
   100 | D:1      | Reached XP level 2. HP: 12/14 MP: 3/3
   395 | D:1      | Reached skill level 7 in Stealth
   409 | D:1      | Found Toter's Antique Armour Boutique.
   445 | D:1      | Reached XP level 3. HP: 12/18 MP: 4/4
  1334 | D:1      | Reached XP level 4. HP: 16/23 MP: 5/5
  1476 | D:2      | Found an iron altar of Okawaru.
  2035 | D:3      | Found a radiant altar of Vehumet.
  2328 | D:3      | Found a burning altar of Makhleb.
  2351 | D:3      | Reached skill level 8 in Stealth
  2684 | D:3      | Found Ekueg's Vocational Training.
  2713 | D:3      | Became a worshipper of Makhleb the Destroyer
  2793 | D:3      | Reached XP level 5. HP: 21/26 MP: 6/6
  2826 | D:4      | Found a transporter.
  2836 | D:4      | Found a transporter.
  3010 | D:4      | Found a runed translucent door.
  3016 | D:4      | Noticed DemonSlayer's ghost (amateur DsEE)
  3166 | D:4      | Found a shadowy altar of Dithmenos.
  3314 | D:4      | Noticed an ogre
  3339 | D:4      | Killed an ogre
  3427 | D:4      | Found a bloodstained altar of Trog.
  3427 | D:4      | Found a basalt altar of Yredelemnul.
  3550 | D:4      | Reached XP level 6. HP: 30/30 MP: 7/7
  3588 | D:4      | Reached skill level 9 in Stealth
  3593 | D:4      | Found a sand-covered staircase.
  3624 | Ossuary  | Entered an ossuary
  4211 | D:5      | Entered Level 5 of the Dungeon
  4235 | D:5      | Reached XP level 7. HP: 35/35 MP: 8/8
  4326 | D:4      | Slain by an iguana

Illustrated notes

Levels and vault maps discovered:
D:1:      onia_arrival_pentagram, layout_loops_ring, serial_shops,
          nicolae_shop_trees, minmay_distorted
D:2:      layout_basic, basic_altar
D:3:      layout_loops_ring, nicolae_vehumet_altar_sigil,
          mainiacjoe_overflow_small_starburst, nicolae_shop_vocational
D:4:      gammafunk_wand_slinger, layout_basic,
          mainiacjoe_overflow_divided_tiny, mainiacjoe_overflow_alcove_4,
          ebering_ghost_sewer_d, nicolae_ossuary_entry_catacombs
D:5:      layout_loops_cross, nicolae_ru_awakened_eye, uniq_blork_the_orc,
          uniq_grinder

Skill      XL: |  1  2  3  4  5  6 |
---------------+-------------------+-----
Stealth        | 6 7 8 9 |  9.5
Short Blades   | 3 4 |  4.3
Dodging        | 2 3 |  3.3
Throwing       | 3 |  3.5
Fighting       | 2 |  2.3
Evocations     | |  0.1

Action                     |  1- 3 |  4- 6 |  7- 9 || total
---------------------------+-------+-------+-------++-------
  Melee: Dagger            |   134 |   167 |     4 ||   305
         Punch             |     2 |     4 |     1 ||     7
  Throw: Dart              |       |     8 |     2 ||    10
  Evoke: Wand              |       |     1 |       ||     1
   Stab: Sleeping          |    16 |    11 |       ||    27
         Distracted        |       |     1 |       ||     1
 Armour: Robe              |    14 |    21 |       ||    35
  Dodge: Dodged            |    81 |    98 |     2 ||   181
